HBL
TACOMA RAINIERS @ PORTLAND STAG
05/04/1997
 
TOP OF THE 1ST
Tacoma Rainiers batting - Pitching for Portland Stag : RHP Bill C. Swift
Pitching: RHP Bill C. Swift
Batting: RHB Eric Young 0-0: Ball
1-0: DOUBLE (Line Drive, 7LM, EV 101.3 MPH)
Batting: LHB Daryl Boston 0-0: Ball
1-0: Swinging Strike
1-1: DOUBLE (Line Drive, 78XD, EV 110.0 MPH)
Eric Young scores
Batting: LHB Chito Martinez 0-0: Ball
1-0: Called Strike
1-1: Ball
2-1: Foul Ball, location: 2F
2-2: Ball
3-2: Fly out, F8 (Flyball, 8LXD, EV 91.9 MPH)
Runner from 2nd tags up, SAFE at 3rd, no throw by CF
Batting: RHB Russ Davis 0-0: Called Strike
0-1: SINGLE (Groundball, 56D, EV 96.3 MPH)
Daryl Boston scores
Batting: LHB Mario Valdez 0-0: Fly out, F8 (Flyball, 89M, EV 91.3 MPH)
Batting: RHB Jose Guillen 0-0: Swinging Strike
0-1: Ball
1-1: Ball
2-1: Swinging Strike
2-2: Strikes out looking
Top of the 1st over - 2 runs, 3 hits, 0 errors, 1 left on base; Tacoma 2 - Portland 0
BOTTOM OF THE 1ST
Portland Stag batting - Pitching for Tacoma Rainiers : RHP Greg Keagle
Pitching: RHP Greg Keagle
Batting: RHB Fernando Tatis 0-0: Foul Ball, location: 2F
0-1: Ball
1-1: Swinging Strike
1-2: Strikes out swinging
Batting: RHB Wes Chamberlain 0-0: Ball
1-0: Foul Ball, location: 2F
1-1: Foul Ball, location: 2F
1-2: Foul Ball, location: 2F
1-2: Foul Ball, location: 2F
1-2: Ball
2-2: Foul Ball, location: 2F
2-2: Strikes out swinging
Batting: RHB Jeff Kunkel 0-0: Fly out, F9 (Line Drive, 9, EV 91.9 MPH)
Bottom of the 1st over - 0 runs, 0 hits, 0 errors, 0 left on base; Tacoma 2 - Portland 0
TOP OF THE 2ND
Tacoma Rainiers batting - Pitching for Portland Stag : RHP Bill C. Swift
Batting: RHB Mike R Kelly 0-0: Ball
1-0: Bunt for hit to 3S - play at first, batter OUT! 3-4
Batting: SHB Jason Bates 0-0: Called Strike
0-1: Ball
1-1: SINGLE (Groundball, 25, EV 67.5 MPH) (infield hit)
Batting: LHB Greg O'Halloran 0-0: Ball
1-0: Ball
2-0: Called Strike
2-1: Fly out, F7 (Flyball, 7D, EV 87.5 MPH)
Batting: RHB Eric Young 0-0: Ball
1-0: Fly out, F6 (Popup, 6, EV 62.5 MPH)
Top of the 2nd over - 0 runs, 1 hit, 0 errors, 1 left on base; Tacoma 2 - Portland 0
BOTTOM OF THE 2ND
Portland Stag batting - Pitching for Tacoma Rainiers : RHP Greg Keagle
Batting: LHB Mark P Johnson 0-0: Called Strike
0-1: Ball
1-1: Foul Ball, location: 2F
1-2: Foul Ball, location: 2F
1-2: Strikes out swinging
Batting: RHB Chris Widger 0-0: Fly out, F8 (Flyball, 8RS, EV 80.0 MPH)
Batting: RHB Mike Mordecai 0-0: Ball
1-0: Called Strike
1-1: Foul Ball, location: 2F
1-2: Ground out 4-3 (Groundball, 4, EV 83.8 MPH)
Bottom of the 2nd over - 0 runs, 0 hits, 0 errors, 0 left on base; Tacoma 2 - Portland 0
TOP OF THE 3RD
Tacoma Rainiers batting - Pitching for Portland Stag : RHP Bill C. Swift
Batting: LHB Daryl Boston 0-0: Called Strike
0-1: Ball
1-1: Swinging Strike
1-2: Ground out 6-3 (Groundball, 56, EV 81.3 MPH)
Batting: LHB Chito Martinez 0-0: Called Strike
0-1: Ball
1-1: Fly out, F2 (Popup, 2RF, EV 83.1 MPH)
Batting: RHB Russ Davis 0-0: Ball
1-0: Ball
2-0: Fly out, F9 (Flyball, 9S, EV 86.9 MPH)
Top of the 3rd over - 0 runs, 0 hits, 0 errors, 0 left on base; Tacoma 2 - Portland 0
BOTTOM OF THE 3RD
Portland Stag batting - Pitching for Tacoma Rainiers : RHP Greg Keagle
Batting: RHB Alex S Gonzalez 0-0: Ball
1-0: SINGLE (Line Drive, 6D, EV 98.1 MPH)
Batting: RHB Josh Booty 0-0: Ball
1-0: SINGLE (Line Drive, 8LS, EV 91.9 MPH)
Alex S Gonzalez to second
Batting: LHB Yoshinobu Takahashi 0-0: Ball
1-0: Ball
2-0: Called Strike
2-1: Foul Ball, location: 2F
2-2: Ball
3-2: Base on Balls
Alex S Gonzalez to third
Josh Booty to second
Batting: RHB Fernando Tatis 0-0: Called Strike
0-1: Ball
1-1: SINGLE (Line Drive, 6D, EV 97.5 MPH)
Alex S Gonzalez scores
Josh Booty to third
Yoshinobu Takahashi to second
Runner from 3rd tries for Home, throw by LF and OUT! 7-2
Batting: RHB Wes Chamberlain 0-0: Ball
1-0: Ball
2-0: Fly out, F9 (Flyball, 89M, EV 77.5 MPH)
Batting: RHB Jeff Kunkel 0-0: Ball
1-0: Swinging Strike
1-1: Swinging Strike
1-2: Ball
2-2: Fly out, F6 (Popup, 6MS, EV 80.0 MPH)
Bottom of the 3rd over - 1 run, 3 hits, 0 errors, 2 left on base; Tacoma 2 - Portland 1
TOP OF THE 4TH
Tacoma Rainiers batting - Pitching for Portland Stag : RHP Bill C. Swift
Batting: LHB Mario Valdez 0-0: Ball
1-0: Called Strike
1-1: Fly out, F7 (Flyball, 7S, EV 83.1 MPH)
Batting: RHB Jose Guillen 0-0: Called Strike
0-1: DOUBLE (Flyball, 8LXD, EV 104.4 MPH)
Batting: RHB Mike R Kelly 0-0: Fly out, F9 (Flyball, 89D, EV 95.6 MPH)
Batting: SHB Jason Bates 0-0: Ball
1-0: Swinging Strike
1-1: Foul Ball, location: 2F
1-2: SINGLE (Groundball, 6D, EV 105.0 MPH)
Jose Guillen to third
Batting: LHB Greg O'Halloran 0-0: DOUBLE (Line Drive, 78XD, EV 103.1 MPH)
Jose Guillen scores
Jason Bates to third
Batting: RHB Eric Young 0-0: Ball
1-0: Ball
2-0: Ball
3-0: Base on Balls
Batting: LHB Daryl Boston 0-0: Ball
1-0: Foul Ball, location: 2F
1-1: Ball
2-1: Ball
3-1: Foul Ball, location: 2F
3-2: Ground out U3 (Groundball, 34S, EV 80.6 MPH)
Top of the 4th over - 1 run, 3 hits, 0 errors, 3 left on base; Tacoma 3 - Portland 1
BOTTOM OF THE 4TH
Portland Stag batting - Pitching for Tacoma Rainiers : RHP Greg Keagle
Batting: LHB Mark P Johnson 0-0: Ball
1-0: Foul Ball, location: 2F
1-1: Foul Ball, location: 2F
1-2: Foul Ball, location: 2F
1-2: Ground out 1-3 (Groundball, 34S, EV 76.9 MPH)
Batting: RHB Chris Widger 0-0: Called Strike
0-1: Foul Ball, location: 2F
0-2: Foul Ball, location: 2F
0-2: Ground out 4-3 (Groundball, 4M, EV 84.4 MPH)
Batting: RHB Mike Mordecai 0-0: SINGLE (Groundball, 56, EV 83.1 MPH) (infield hit)
Batting: RHB Alex S Gonzalez 0-0: Ball
1-0: Ball
2-0: Called Strike
2-1: Swinging Strike
2-2: Strikes out swinging
Bottom of the 4th over - 0 runs, 1 hit, 0 errors, 1 left on base; Tacoma 3 - Portland 1
TOP OF THE 5TH
Tacoma Rainiers batting - Pitching for Portland Stag : RHP Bill C. Swift
Batting: LHB Chito Martinez 0-0: Foul Ball, location: 2F
0-1: Foul Ball, location: 2F
0-2: Foul Ball, location: 2F
0-2: Ground out 6-3 (Groundball, 6M, EV 100.0 MPH)
Batting: RHB Russ Davis 0-0: Ball
1-0: Fly out, F9 (Flyball, 89S, EV 90.6 MPH)
Batting: LHB Mario Valdez 0-0: Ball
1-0: Called Strike
1-1: SINGLE (Line Drive, 56D, EV 94.4 MPH)
Batting: RHB Jose Guillen 0-0: Called Strike
0-1: SINGLE (Line Drive, 56, EV 105.6 MPH)
Mario Valdez to second
Batting: RHB Mike R Kelly 0-0: Ball
1-0: Swinging Strike
1-1: SINGLE (Line Drive, 7S, EV 100.6 MPH)
Mario Valdez to third
Jose Guillen to second
Runner from 3rd tries for Home, SAFE, throw by LF to home
Batting: SHB Jason Bates 0-0: Swinging Strike
0-1: Ball
1-1: Ball
2-1: SINGLE (Flyball, 9S, EV 95.0 MPH)
Jose Guillen to third
Mike R Kelly to second
Runner from 3rd tries for Home, SAFE, no throw by RF
Pitching: RHP Ron Blazier
Batting: LHB Greg O'Halloran 0-0: DOUBLE (Line Drive, 89M, EV 102.5 MPH)
Mike R Kelly scores
Jason Bates to third
Runner from 3rd tries for Home, SAFE, no throw by RF
Batting: RHB Eric Young 0-0: Called Strike
0-1: Ball
1-1: Ground out 4-3 (Groundball, 4M, EV 83.8 MPH)
Top of the 5th over - 4 runs, 5 hits, 0 errors, 1 left on base; Tacoma 7 - Portland 1
BOTTOM OF THE 5TH
Portland Stag batting - Pitching for Tacoma Rainiers : RHP Greg Keagle
Batting: RHB Josh Booty 0-0: Foul Ball, location: 2F
0-1: Ball
1-1: Ball
2-1: Ball
3-1: Base on Balls
Batting: LHB Yoshinobu Takahashi 0-0: Ball
1-0: Ball
2-0: Called Strike
2-1: Ball
3-1: Fielders Choice at 2nd, 3-6 (Groundball, 3, EV 103.1 MPH)
Batting: RHB Fernando Tatis 0-0: Called Strike
0-1: Foul Ball, location: 2F
0-2: Fly out, F8 (Flyball, 8RD, EV 103.1 MPH)
Batting: RHB Wes Chamberlain 0-0: Ball
1-0: Ball
2-0: DOUBLE (Line Drive, 78XD, EV 95.6 MPH)
Yoshinobu Takahashi to third
Batting: RHB Jeff Kunkel 0-0: Called Strike
0-1: Ball
1-1: Called Strike
1-2: Hit by Pitch
Batting: LHB Mark P Johnson 0-0: Ball
1-0: Ball
2-0: Called Strike
2-1: Ball
3-1: Base on Balls
Yoshinobu Takahashi scores
Wes Chamberlain to third
Jeff Kunkel to second
Batting: RHB Chris Widger 0-0: Ball
1-0: Called Strike
1-1: Swinging Strike
1-2: Strikes out swinging
Bottom of the 5th over - 1 run, 1 hit, 0 errors, 3 left on base; Tacoma 7 - Portland 2
TOP OF THE 6TH
Tacoma Rainiers batting - Pitching for Portland Stag : RHP Ron Blazier
Batting: LHB Daryl Boston 0-0: Ball
1-0: Ball
2-0: Swinging Strike
2-1: Foul Ball, location: 2F
2-2: Fly out, F8 (Flyball, 89D, EV 105.0 MPH)
Batting: LHB Chito Martinez 0-0: Fly out, F4 (Popup, 4, EV 54.4 MPH)
Batting: RHB Russ Davis 0-0: Called Strike
0-1: Ball
1-1: Called Strike
1-2: Strikes out swinging
Top of the 6th over - 0 runs, 0 hits, 0 errors, 0 left on base; Tacoma 7 - Portland 2
BOTTOM OF THE 6TH
Portland Stag batting - Pitching for Tacoma Rainiers : RHP Greg Keagle
Batting: RHB Mike Mordecai 0-0: Ball
1-0: Fly out, F6 (Flyball, 56D, EV 85.6 MPH)
Batting: RHB Alex S Gonzalez 0-0: Called Strike
0-1: Ball
1-1: Foul Ball, location: 2F
1-2: Strikes out looking
Batting: RHB Josh Booty 0-0: Foul Ball, location: 2F
0-1: Foul Ball, location: 2F
0-2: Ball
1-2: Strikes out swinging
Bottom of the 6th over - 0 runs, 0 hits, 0 errors, 0 left on base; Tacoma 7 - Portland 2
TOP OF THE 7TH
Tacoma Rainiers batting - Pitching for Portland Stag : RHP Ron Blazier
Batting: LHB Mario Valdez 0-0: Ball
1-0: Called Strike
1-1: Foul Ball, location: 2F
1-2: Foul Ball, location: 2F
1-2: SINGLE (Line Drive, 6M, EV 103.1 MPH)
Batting: RHB Jose Guillen 0-0: Called Strike
0-1: Called Strike
0-2: Strikes out swinging
Batting: RHB Mike R Kelly 0-0: Called Strike
0-1: Swinging Strike
0-2: Strikes out swinging
Batting: SHB Jason Bates 0-0: SINGLE (Line Drive, 56, EV 110.0 MPH)
Mario Valdez to second
Batting: LHB Greg O'Halloran 0-0: Called Strike
0-1: Foul Ball, location: 2F
0-2: Strikes out swinging
Top of the 7th over - 0 runs, 2 hits, 0 errors, 2 left on base; Tacoma 7 - Portland 2
BOTTOM OF THE 7TH
Portland Stag batting - Pitching for Tacoma Rainiers : RHP Greg Keagle
Batting: LHB Yoshinobu Takahashi 0-0: Ball
1-0: Ball
2-0: Ground out 6-3 (Groundball, 6, EV 90.6 MPH)
Batting: RHB Fernando Tatis 0-0: Ball
1-0: Ball
2-0: Foul Ball, location: 2F
2-1: Swinging Strike
2-2: Strikes out swinging
Batting: RHB Wes Chamberlain 0-0: Ball
1-0: Swinging Strike
1-1: Fly out, F7 (Flyball, 78S, EV 85.6 MPH)
Bottom of the 7th over - 0 runs, 0 hits, 0 errors, 0 left on base; Tacoma 7 - Portland 2
TOP OF THE 8TH
Tacoma Rainiers batting - Pitching for Portland Stag : RHP Ron Blazier
Batting: RHB Eric Young 0-0: Called Strike
0-1: Foul Ball, location: 2F
0-2: Fly out, F8 (Flyball, 8RM, EV 96.9 MPH)
Batting: LHB Daryl Boston 0-0: Fly out, F8 (Flyball, 89M, EV 85.6 MPH)
Batting: LHB Chito Martinez 0-0: Called Strike
0-1: Foul Ball, location: 2F
0-2: Ball
1-2: Ground out 5-3 (Groundball, 5, EV 101.9 MPH)
Top of the 8th over - 0 runs, 0 hits, 0 errors, 0 left on base; Tacoma 7 - Portland 2
BOTTOM OF THE 8TH
Portland Stag batting - Pitching for Tacoma Rainiers : RHP Greg Keagle
Pitching: RHP Greg McMichael
Batting: RHB Jeff Kunkel 0-0: Fly out, F7 (Line Drive, 7, EV 89.4 MPH)
Batting: LHB Mark P Johnson 0-0: Called Strike
0-1: Foul Ball, location: 2F
0-2: Ground out 4-3 (Groundball, 4, EV 106.9 MPH)
Batting: RHB Chris Widger 0-0: Ball
1-0: Foul Ball, location: 2F
1-1: Swinging Strike
1-2: Foul Ball, location: 2F
1-2: Strikes out swinging
Bottom of the 8th over - 0 runs, 0 hits, 0 errors, 0 left on base; Tacoma 7 - Portland 2
TOP OF THE 9TH
Tacoma Rainiers batting - Pitching for Portland Stag : RHP Ron Blazier
Batting: RHB Russ Davis 0-0: Ball
1-0: Fly out, F9 (Flyball, 89S, EV 85.0 MPH)
Batting: LHB Mario Valdez 0-0: Foul Ball, location: 2F
0-1: Fly out, F7 (Flyball, 7D, EV 99.4 MPH)
Batting: RHB Jose Guillen 0-0: Foul Ball, location: 2F
0-1: Swinging Strike
0-2: Foul Ball, location: 2F
0-2: Strikes out swinging
Top of the 9th over - 0 runs, 0 hits, 0 errors, 0 left on base; Tacoma 7 - Portland 2
BOTTOM OF THE 9TH
Portland Stag batting - Pitching for Tacoma Rainiers : RHP Greg McMichael
Batting: RHB Mike Mordecai 0-0: Foul Ball, location: 2F
0-1: SINGLE (Flyball, 9S, EV 82.5 MPH) - OUT at second base trying to stretch hit.
Batting: RHB Alex S Gonzalez 0-0: Ball
1-0: Swinging Strike
1-1: Fly out, F8 (Flyball, 78D, EV 103.1 MPH)
Batting: RHB Josh Booty 0-0: Foul Ball, location: 2F
0-1: Ball
1-1: Foul Ball, location: 2F
1-2: Ground out 3-1 (Groundball, 34, EV 88.8 MPH)
Bottom of the 9th over - 0 runs, 1 hit, 0 errors, 0 left on base; Tacoma 7 - Portland 2
Wednesday, February 4th, 2026 - OOTP Baseball 20.8 Build 74